 Dungeon Sprint DCSS version 0.18-a0-1788-g92de1ac (webtiles) character file.

5608 Moloch the Executioner (level 10, -13/121 HPs)
             Began as a Minotaur Fighter on Apr 19, 2016.
             Was a High Priest of Trog.
             Mangled by a spiny frog (18 damage)
             ... in the Dungeon (Sprint III: "The Ten Rune Challenge").
             The game lasted 00:06:38 (1953 turns).

Moloch the Executioner (Minotaur Fighter)           Turns: 1953, Time: 00:06:38

Health: -13/121    AC:  8    Str: 30    XL:     10   Next: 45%
Magic:  3/3        EV: 11    Int:  5    God:    Trog [*****.]
Gold:   3270       SH:  0    Dex:  9    Spells: 0 memorised, 9 levels left

rFire  . . .     SeeInvis .     m - +6 executioner's axe (antimagic)
rCold  . . .     Gourm    .     b - +0 scale mail
rNeg   . . .     Faith    .     (shield currently unavailable)
rPois  .         Spirit   .     (helmet restricted)
rElec  .         Dismiss  .     (no cloak)
rCorr  .         Reflect  .     l - +0 pair of gloves (curse)
SustAt .         Harm     .     (no boots)
MR     .....     NoTele   +     (no amulet)
Stlth  ..........               (no ring)
                                (no ring)

@: berserking, lethally poisoned (-13 -> -36), very quick, not resistant to
hostile enchantments, extremely unstealthy
A: retaliatory headbutt, horns 2
a: Berserk, Trog's Hand, Brothers in Arms, Burn Spellbooks, Renounce Religion


You were in the Dungeon.
You worshipped Trog.
Trog was extremely pleased with you.
You were not hungry.

You visited 1 branch You collected 3413 gold pieces.
You spent 143 gold pieces at shops.

Inventory:

Hand Weapons
 a - a +0 war axe
 m - a +6 antimagic executioner's axe (weapon)
 B - a +4 battleaxe of chopping
Armour
 b - a +0 scale mail (worn)
 c - a +0 shield
 l - a cursed +0 pair of gloves (worn)
Scrolls
 k - a scroll of blinking
 p - a scroll of holy word {unknown}
 r - 2 scrolls of remove curse
 u - 3 scrolls of immolation
 v - a scroll of recharging
Potions
 d - a potion of might
 e - 2 potions of curing
 g - a potion of heal wounds
 h - a potion of haste
 i - 2 potions of magic
 j - a potion of berserk rage
 n - 2 potions of brilliance
 o - 2 potions of mutation
 q - a potion of lignification {unknown}
 t - 3 potions of cure mutation
 x - a potion of degeneration
 z - 2 potions of flight
Books
 y - a book of Annihilations

   Spells                             Type                      Level
   a - Poison Arrow                   Conjuration/Poison           6
   b - Chain Lightning                Conjuration/Air              8
   c - Lehudib's Crystal Spear        Conjuration/Earth            8
   d - Glaciate                       Conjuration/Ice              9
   e - Fire Storm                     Conjuration/Fire             9
   Trog disapproves of the use of such an item.
Comestibles
 f - a bread ration
 s - 2 royal jellies


   Skills:
 + Level 5.0 Fighting
 + Level 25.2 Axes
 + Level 5.3 Armour
 * Level 2.0 Dodging
 - Level 4.1 Shields


You had 9 spell levels left.
You didn't know any spells.

Dungeon Overview and Level Annotations

Branches:
Dungeon (1/1)

Altars:
Cheibriados
Dithmenos
Elyvilon
Fedhas
Gozag
Kikubaaqudgha
Makhleb
Nemelex Xobeh
Okawaru
Pakellas
Qazlal
Ru
Sif Muna
Trog
Vehumet
Xom
Yredelemnul
Zin
The Shining One
Jiyva
Lugonu

Shops:
D *


Innate Abilities, Weirdness & Mutations

You reflexively headbutt those who attack you in melee.
You have a pair of horns on your head.


Message History

The komodo dragon is lightly wounded.
* * * LOW HITPOINT WARNING * * *
You feel sick. The spiny frog closely misses you. The komodo dragon bites you!
* * * LOW HITPOINT WARNING * * *
Unknown command.
Unknown command.
You carve the spiny frog like a ham!!!
You feel the power of Trog in you as your rage grows.
You kill the spiny frog!
Trog accepts your kill.
Your Fighting skill increases to level 5!
Your Armour skill increases to level 5!
Your Dodging skill increases to level 2!
You slice the spiny frog!!
The spiny frog is severely wounded.
You slice the komodo dragon!!
The komodo dragon is heavily wounded.
* * * LOW HITPOINT WARNING * * *
You feel sick. The spiny frog stings you!!
You die...

♣♣♣..'.⌠.)......#)#.#.##.#.#))...
≈≈...#...######'#)#####.#..######
≈....#.⌠.#__#...#)###############
.....#...#__#...#....#.#.#.....#.
.....#'###__#...##.#..#.##.###.#.
.....#.).#__#...'##.#.#)##.#.)##.
.....#___#__'...#...#.)#.)##..'..
▓▓▓▓▓▓▓▓▓▓▓▓▓▓▓▓▓▓▓▓▓▓▓▓▓▓▓▓▓▓#..
≈,**,,,,,***♣≈≈l@.......≈≈≈...#..
≈≈**,≈≈≈≈+*♣'♣≈≈F≈≈≈≈≈≈≈≈≈♣♣P.'..
,≈≈+,,,,,*.≈♣♣♣♣♣♣♣♣♣♣♣♣♣♣♣♣PP#..
≈≈*******#..** ♣♣♣##+ ≈≈*
##*+******************,, *****
****,**,,**≈≈≈≈≈≈,,*,,*,, ,,,,**
*,,,**,**,*≈≈≈≈≈,,,*,,*,, ****+*
**,**,**,**+≈≈≈≈≈****+*** ,,,,,*
*,,*,**,,,*≈≈,,,,,,,,*,,


You could see a komodo dragon and a spiny frog.

Vanquished Creatures
  An orc high priest (D)
  4 deep elf magi (D)
  A spiny frog (D)
  A shadow (D)
  2 redbacks (D)
  2 wandering mushrooms (D)
  2 hill giants (D)
  A spatial vortex (D)
  3 orc warriors (D)
  A necrophage (D)
  2 two-headed ogres (D)
  A water elemental (D)
  A scorpion (D)
  An orc wizard (D)
  3 orc priests (D)
  A jelly (D)
  Jessica (D)
  A necromancer (D)
  A wizard (D)
  A kobold demonologist (D)
  3 humans (D)
  An ooze (D)
  9 orcs (D)
  A hobgoblin (D)
  2 rats (D)
47 creatures vanquished.

Vanquished Creatures (collateral kills)
  Erolcha (D)
  2 deep elf magi (D)
  A two-headed ogre (D)
4 creatures vanquished.

Vanquished Creatures (others)
  2 draconian scorchers (D)
  2 yaktaurs (D)
  A wandering mushroom (D)
  4 plants (D)
9 creatures vanquished.

Grand Total: 60 creatures vanquished

Notes
Turn   | Place    | Note
--------------------------------------------------------------
     0 | D        | Moloch the Minotaur Fighter began the quest for the Orb.
     0 | D        | Reached XP level 1. HP: 19/19 MP: 0/0
    33 | D        | Noticed Jessica
    35 | D        | Killed Jessica
    35 | D        | Reached skill level 6 in Axes
    35 | D        | Reached XP level 2. HP: 27/27 MP: 1/1
    35 | D        | Reached XP level 3. HP: 33/33 MP: 2/2
    67 | D        | Reached skill level 7 in Axes
    88 | D        | Noticed a scorpion
    99 | D        | Killed a scorpion
    99 | D        | Reached skill level 10 in Axes
    99 | D        | Reached XP level 4. HP: 33/40 MP: 3/3
   100 | D        | Killed a yaktaur
   135 | D        | Noticed a water elemental
   140 | D        | Killed a white draconian scorcher
   142 | D        | Killed a water elemental
   142 | D        | Reached skill level 11 in Axes
   142 | D        | Reached XP level 5. HP: 39/46 MP: 4/4
   153 | D        | Killed a white draconian scorcher
   193 | D        | Found a radiant altar of Vehumet.
   194 | D        | Found a deep blue altar of Sif Muna.
   194 | D        | Found an ancient bone altar of Kikubaaqudgha.
   198 | D        | Reached skill level 12 in Axes
   217 | D        | Found a glowing silver altar of Zin.
   217 | D        | Found a glowing golden altar of the Shining One.
   217 | D        | Found a white marble altar of Elyvilon.
   218 | D        | Noticed a deep elf mage
   225 | D        | Killed a deep elf mage
   225 | D        | Reached skill level 17 in Axes
   225 | D        | Reached XP level 6. HP: 52/52 MP: 5/5
   225 | D        | Reached XP level 7. HP: 59/59 MP: 6/6
   231 | D        | Found an iron altar of Okawaru.
   231 | D        | Found a bloodstained altar of Trog.
   231 | D        | Noticed a human
   231 | D        | Noticed a human
   237 | D        | Killed a human
   251 | D        | Killed a human
   251 | D        | Reached skill level 18 in Axes
   325 | D        | Became a worshipper of Trog the Wrathful
   516 | D        | Found a basalt altar of Yredelemnul.
   516 | D        | Found a snail-covered altar of Cheibriados.
   516 | D        | Found a blossoming altar of Fedhas.
   524 | D        | Reached XP level 8. HP: 62/66 MP: 7/7
   538 | D        | Reached skill level 19 in Axes
   541 | D        | Reached * piety under Trog
   639 | D        | Found an oddly glowing altar of Pakellas.
   639 | D        | Found a stormy altar of Qazlal.
   640 | D        | Found a sacrificial altar of Ru.
   640 | D        | Found a burning altar of Makhleb.
   640 | D        | Found a viscous altar of Jiyva.
   640 | D        | Found a shimmering altar of Xom.
   640 | D        | Found a shadowy altar of Dithmenos.
   640 | D        | Found a sparkling altar of Nemelex Xobeh.
   640 | D        | Found a corrupted altar of Lugonu.
   640 | D        | Found an opulent altar of Gozag.
   678 | D        | Reached skill level 20 in Axes
   719 | D        | Found Suroebam's General Store.
   727 | D        | Reached ** piety under Trog
   730 | D        | Noticed an orc high priest
   731 | D        | Noticed a rust devil
   731 | D        | Noticed a hellwing
   736 | D        | Reached *** piety under Trog
   745 | D        | Killed an orc high priest
   745 | D        | Reached **** piety under Trog
   745 | D        | Reached skill level 21 in Axes
   745 | D        | Reached XP level 9. HP: 64/71 MP: 8/8
   758 | D        | Reached ***** piety under Trog
   758 | D        | Reached skill level 22 in Axes
   768 | D        | Received a gift from Trog
   886 | D        | Bought a scroll of identify for 26 gold pieces
   886 | D        | Bought a scroll of identify for 26 gold pieces
   886 | D        | Bought a scroll of remove curse for 39 gold pieces
   886 | D        | Bought a scroll of identify for 26 gold pieces
   886 | D        | Bought a scroll of identify for 26 gold pieces
   929 | D        | Noticed a deep elf mage
   929 | D        | Noticed a deep elf mage
   929 | D        | Noticed a deep elf mage
   929 | D        | Noticed a deep elf mage
   929 | D        | Noticed a deep elf mage
   935 | D        | Killed a deep elf mage
   946 | D        | Killed a deep elf mage
   946 | D        | Reached skill level 23 in Axes
   950 | D        | Killed a deep elf mage
   962 | D        | Killed a deep elf mage
   963 | D        | Killed a deep elf mage
   963 | D        | Received a gift from Trog
   963 | D        | Reached skill level 24 in Axes
   963 | D        | Reached XP level 10. HP: 8/79 MP: 9/9
  1000 | D        | Noticed a deep elf annihilator
  1212 | D        | Noticed Erolcha
  1231 | D        | HP: 3/79 [Erolcha/enchanted giant club (13)]
  1238 | D        | Killed Erolcha
  1580 | D        | Reached skill level 25 in Axes
  1857 | D        | Reached skill level 1 in Dodging
  1945 | D        | Noticed a spiny frog
  1945 | D        | Noticed a spiny frog
  1953 | D        | Killed a spiny frog
  1953 | D        | Reached skill level 5 in Fighting
  1953 | D        | Reached skill level 5 in Armour
  1953 | D        | HP: 5/121 [poisoned by a spiny frog]
  1953 | D        | Mangled by a spiny frog

Vault maps used:
D:        dungeon_sprint_mu

Skill      XL: |  1  2  3  4  5  6  7  8  9 10 |
---------------+-------------------------------+-----
Fighting       | 4 5 |  5.0
Armour         | 4 5 |  5.3
Shields        | 4 |  4.1
Axes           | 6 10 11 17 18 21 24 25 | 25.2
Dodging        | 2 |  2.0

Action                   |  1- 3 |  4- 6 |  7- 9 | 10-12 || total
-------------------------+-------+-------+-------+-------++-------
Melee: War axe           |    15 |    16 |   102 |    11 ||   144
       Headbutt          |     5 |     1 |    22 |     7 ||    35
       Executioner's axe |       |       |       |    14 ||    14
Invok: Berserk           |       |       |     3 |     2 ||     5
       Brothers in Arms  |       |       |     1 |     2 ||     3
  Use: Scroll            |       |       |     7 |       ||     7
  Eat: Chunk             |       |       |     2 |     4 ||     6
       Fruit             |       |       |       |     2 ||     2
Armor: Scale mail        |     2 |     7 |    16 |     8 ||    33
Dodge: Dodged            |     5 |     2 |    20 |    13 ||    40
Block: Shield            |     5 |     4 |    15 |     7 ||    31
